General information
- name: BNet
- type: Ladder team game (AT/RT)
- host: Battle.net
- saver:
map: Mur'gulOasis
- players: 8
- length: 46:32
- speed: Fast
- version: 1.28 W3XP
- replay type: Public
» download(365 KB)
Players
team 1 (winner)

»
blazinglory (
yellow | 110 APM | 4479 actions | 40:44)
6 Mountain King
3 Storm Bolt
2 Bash
1 Avatar
5 Archmage
3 Blizzard
2 Brilliance Aura
» actions
| Assign group hotkey | 81 | |
| Basic commands | 285 | |
| Build / train | 94 | |
| Enter build submenu | 21 | |
| Enter hero's abilities submenu | 12 | |
| Give item / drop item | 5 | |
| Remove unit from queue | 2 | |
| Right click | 1522 | |
| Select / deselect | 486 | |
| Select group hotkey | 1860 | |
| Use ability | 110 | |
4479 total
» units
| Peasant | 7 | |
| Footman | 6 | |
| Flying Machine | 21 | |
| Priest | 1 | |
| Sorceress | 2 | |
| Gryphon Rider | 1 | |
38 total
» upgrades
| Defend | 1 | |
| Swords | 1 | |
| Priest Training | 2 | |
| Flak Cannons | 1 | |
| Gunpowder | 1 | |
| Storm Hammers | 0 | |
| Flying Machine Bombs | 1 | |
7 total
» buildings
| Altar of Kings | 1 | |
| Farm | 10 | |
| Barracks | 1 | |
| Scout Tower | 1 | |
| Arcane Tower | 2 | |
| Lumber Mill | 1 | |
| Blacksmith | 1 | |
| Arcane Vault | 1 | |
| Keep | 2 | |
| Castle | 2 | |
| Arcane Sanctum | 1 | |
| Workshop | 1 | |
| Gryphon Aviary | 1 | |
| Town Hall | 1 | |
26 total
» build order
00:10 Altar of Kings
00:13 Farm
00:28 Barracks
00:41 Farm
01:42 Scout Tower
01:59 Farm
02:32 Arcane Tower
02:32 Arcane Tower
02:45 Lumber Mill
02:58 Blacksmith
03:04 Arcane Vault
03:35 Farm
04:35 Keep
07:54 Castle
07:54 Castle
08:00 Arcane Sanctum
08:02 Workshop
09:24 Farm
09:25 Farm
09:47 Farm
11:36 Gryphon Aviary
11:58 Farm
13:11 Farm
14:00 Farm
18:04 Town Hall
» items
| Scroll of Regeneration | 4 | |
| Lesser Clarity Potion | 2 | |
| Scroll of Town Portal | 1 | |
| Potion of Healing | 1 | |
| Potion of Lesser Invulnerability | 1 | |
| Staff of Teleportation | 2 | |
11 total
._.~ (
blue | 63 APM | 2944 actions | 46:32)
7 Archmage
3 Summon Water Elemental
3 Brilliance Aura
1 Mass Teleport
» actions
| Assign group hotkey | 116 | |
| Basic commands | 284 | |
| Build / train | 84 | |
| Enter build submenu | 58 | |
| Enter hero's abilities submenu | 7 | |
| Give item / drop item | 14 | |
| Right click | 1103 | |
| Select / deselect | 481 | |
| Select group hotkey | 640 | |
| Use ability | 157 | |
2944 total
» units
| Peasant | 13 | |
| Footman | 4 | |
| Gryphon Rider | 7 | |
| Dragonhawk Rider | 12 | |
36 total
» upgrades
| Lumber Harvesting | 2 | |
| Masonry | 3 | |
| Swords | 3 | |
| Armor | 3 | |
| Animal War Training | 1 | |
| Storm Hammers | 1 | |
| Cloud | 1 | |
| Magic Sentry | 1 | |
15 total
» buildings
| Altar of Kings | 1 | |
| Barracks | 1 | |
| Farm | 12 | |
| Scout Tower | 37 | |
| Arcane Tower | 5 | |
| Arcane Vault | 4 | |
| Keep | 1 | |
| Lumber Mill | 2 | |
| Castle | 1 | |
| Gryphon Aviary | 3 | |
| Blacksmith | 2 | |
| Guard Tower | 9 | |
| Town Hall | 3 | |
| Arcane Sanctum | 1 | |
82 total
» build order
00:49 Altar of Kings
00:51 Barracks
00:53 Farm
00:53 Farm
01:04 Farm
01:36 Farm
01:50 Scout Tower
02:27 Arcane Tower
03:09 Arcane Vault
03:13 Scout Tower
03:28 Arcane Vault
04:10 Keep
04:11 Arcane Tower
04:14 Lumber Mill
06:38 Castle
07:11 Scout Tower
07:11 Scout Tower
07:12 Scout Tower
07:13 Scout Tower
07:34 Gryphon Aviary
07:35 Gryphon Aviary
07:37 Gryphon Aviary
07:58 Blacksmith
08:01 Farm
08:03 Farm
08:52 Guard Tower
09:33 Farm
09:43 Blacksmith
11:41 Town Hall
11:45 Scout Tower
11:45 Scout Tower
11:46 Scout Tower
11:46 Scout Tower
12:32 Town Hall
13:07 Guard Tower
13:13 Arcane Vault
14:15 Lumber Mill
15:16 Scout Tower
15:17 Scout Tower
15:17 Scout Tower
15:18 Scout Tower
15:20 Scout Tower
15:21 Scout Tower
15:23 Scout Tower
15:24 Scout Tower
15:25 Scout Tower
15:26 Scout Tower
15:26 Scout Tower
15:28 Scout Tower
15:29 Scout Tower
15:30 Scout Tower
15:30 Scout Tower
15:54 Scout Tower
15:56 Scout Tower
15:58 Scout Tower
16:01 Scout Tower
16:05 Scout Tower
16:08 Scout Tower
17:12 Guard Tower
17:15 Guard Tower
17:54 Guard Tower
17:54 Guard Tower
18:14 Arcane Tower
18:26 Arcane Tower
18:30 Guard Tower
18:40 Guard Tower
20:30 Arcane Tower
20:32 Scout Tower
20:33 Scout Tower
20:35 Scout Tower
20:36 Scout Tower
20:40 Scout Tower
20:40 Scout Tower
21:37 Guard Tower
22:01 Arcane Vault
34:31 Arcane Sanctum
44:30 Town Hall
44:38 Farm
44:39 Farm
44:40 Farm
44:41 Farm
44:41 Farm
» items
| Scroll of Regeneration | 3 | |
| Staff of Sanctuary | 1 | |
| Mechanical Critter | 2 | |
| Periapt of Vitality | 1 | |
| Staff of Teleportation | 1 | |
| Potion of Lesser Invulnerability | 1 | |
9 total
zerzeros (
green | 71 APM | 2039 actions | 28:34)
6 Demon Hunter
2 Immolation
3 Evasion
1 Metamorphosis
» actions
| Assign group hotkey | 61 | |
| Basic commands | 193 | |
| Build / train | 70 | |
| ESC pressed | 2 | |
| Enter build submenu | 23 | |
| Enter hero's abilities submenu | 7 | |
| Give item / drop item | 2 | |
| Remove unit from queue | 1 | |
| Right click | 964 | |
| Select / deselect | 262 | |
| Select group hotkey | 363 | |
| Use ability | 91 | |
2039 total
» units
| Wisp | 23 | |
| Archer | 6 | |
| Druid of the Claw | 4 | |
| Dryad | 10 | |
43 total
» upgrades
| Strength of the Moon | 1 | |
| Strength of the Wild | 3 | |
| Improved Bows | 1 | |
| Druid of the Claw Training | 2 | |
| Reinforced Hides | 2 | |
| Mark of the Claw | 1 | |
| Abolish Magic | 1 | |
| Nature's Blessing | 1 | |
12 total
» buildings
| Altar of Elders | 1 | |
| Moon Well | 6 | |
| Ancient of War | 1 | |
| Tree of Ages | 1 | |
| Hunter's Hall | 1 | |
| Ancient of Lore | 2 | |
| Tree of Eternity | 1 | |
| Ancient of Wonders | 1 | |
| Tree of Life | 3 | |
| Ancient Protector | 4 | |
21 total
» build order
00:05 Altar of Elders
00:22 Moon Well
00:39 Ancient of War
01:30 Moon Well
02:34 Tree of Ages
03:30 Moon Well
03:53 Hunter's Hall
04:35 Moon Well
05:00 Ancient of Lore
05:10 Ancient of Lore
06:20 Tree of Eternity
08:23 Ancient of Wonders
10:10 Moon Well
15:18 Tree of Life
15:58 Moon Well
17:21 Ancient Protector
17:22 Ancient Protector
17:24 Ancient Protector
17:45 Ancient Protector
24:49 Tree of Life
27:21 Tree of Life
» items
| Potion of Lesser Invulnerability | 1 | |
| Boots of Speed | 1 | |
| Scroll of Town Portal | 1 | |
| Scroll of Healing | 1 | |
| Orb of Fire | 1 | |
5 total
Ocheeba (
teal | 38 APM | 965 actions | 25:37)
6 Mountain King
3 Storm Bolt
2 Bash
1 Avatar
» actions
| Assign group hotkey | 8 | |
| Basic commands | 4 | |
| Build / train | 61 | |
| Enter build submenu | 19 | |
| Enter hero's abilities submenu | 6 | |
| Right click | 494 | |
| Select / deselect | 302 | |
| Select group hotkey | 15 | |
| Use ability | 56 | |
965 total
» units
| Peasant | 11 | |
| Rifleman | 8 | |
| Mortar Team | 18 | |
37 total
» upgrades
| Gunpowder | 3 | |
| Armor | 3 | |
| Flare | 1 | |
| Fragmentation Shards | 1 | |
8 total
» buildings
| Altar of Kings | 1 | |
| Farm | 12 | |
| Blacksmith | 1 | |
| Barracks | 1 | |
| Scout Tower | 3 | |
| Lumber Mill | 1 | |
| Arcane Vault | 1 | |
| Guard Tower | 1 | |
| Keep | 1 | |
| Workshop | 3 | |
| Castle | 1 | |
26 total
» build order
00:14 Altar of Kings
00:21 Farm
00:37 Farm
01:17 Blacksmith
01:33 Barracks
01:47 Scout Tower
02:19 Lumber Mill
02:26 Farm
02:28 Farm
02:49 Arcane Vault
03:21 Scout Tower
03:48 Scout Tower
03:50 Guard Tower
04:56 Farm
04:58 Farm
06:21 Keep
07:50 Farm
07:51 Farm
07:52 Farm
08:45 Workshop
08:49 Workshop
08:59 Workshop
09:13 Farm
10:10 Farm
10:11 Farm
11:27 Castle
» items
| Scroll of Regeneration | 4 | |
| Lesser Clarity Potion | 1 | |
| Scroll of Town Portal | 1 | |
6 total
team 2 (loser)

»
LeeroyJenkins (
orange | 34 APM | 1363 actions | 40:18)
3 Paladin
1 Holy Light
1 Divine Shield
1 Devotion Aura
» actions
| Assign group hotkey | 5 | |
| Basic commands | 18 | |
| Build / train | 83 | |
| Enter build submenu | 60 | |
| Enter hero's abilities submenu | 3 | |
| Remove unit from queue | 3 | |
| Right click | 568 | |
| Select / deselect | 299 | |
| Select group hotkey | 229 | |
| Use ability | 95 | |
1363 total
» units
| Peasant | 31 | |
| Priest | 4 | |
| Siege Engine | 3 | |
| Knight | 1 | |
| Mortar Team | 3 | |
42 total
» upgrades
| Masonry | 3 | |
| Lumber Harvesting | 1 | |
| Barrage | 1 | |
5 total
» buildings
| Farm | 6 | |
| Lumber Mill | 1 | |
| Altar of Kings | 1 | |
| Scout Tower | 40 | |
| Arcane Tower | 1 | |
| Guard Tower | 19 | |
| Keep | 2 | |
| Arcane Vault | 1 | |
| Arcane Sanctum | 1 | |
| Blacksmith | 1 | |
| Castle | 1 | |
| Workshop | 2 | |
| Barracks | 1 | |
| Town Hall | 6 | |
| Cannon Tower | 2 | |
85 total
» build order
00:29 Farm
00:42 Lumber Mill
01:11 Altar of Kings
01:15 Scout Tower
01:22 Farm
01:37 Scout Tower
01:47 Arcane Tower
02:35 Scout Tower
02:58 Farm
03:04 Guard Tower
03:11 Scout Tower
03:23 Scout Tower
03:35 Scout Tower
03:40 Scout Tower
03:48 Guard Tower
03:52 Scout Tower
03:54 Scout Tower
04:01 Guard Tower
04:03 Scout Tower
04:05 Scout Tower
04:06 Scout Tower
04:25 Guard Tower
04:37 Guard Tower
04:38 Keep
04:40 Scout Tower
04:43 Scout Tower
04:54 Guard Tower
05:01 Arcane Vault
06:09 Guard Tower
06:16 Scout Tower
06:18 Scout Tower
06:26 Scout Tower
06:28 Scout Tower
06:36 Guard Tower
06:45 Scout Tower
06:51 Scout Tower
06:54 Guard Tower
06:57 Scout Tower
07:01 Scout Tower
07:17 Guard Tower
07:30 Guard Tower
07:36 Arcane Sanctum
07:41 Scout Tower
07:47 Guard Tower
07:51 Scout Tower
07:54 Scout Tower
07:55 Scout Tower
07:58 Scout Tower
08:07 Guard Tower
08:10 Scout Tower
08:12 Scout Tower
08:42 Guard Tower
08:53 Blacksmith
09:44 Scout Tower
09:46 Scout Tower
09:46 Scout Tower
10:22 Scout Tower
10:44 Guard Tower
10:53 Scout Tower
11:16 Castle
11:21 Workshop
11:38 Guard Tower
11:46 Farm
11:53 Farm
11:58 Farm
12:56 Guard Tower
13:15 Barracks
13:20 Workshop
14:17 Town Hall
14:34 Scout Tower
14:40 Scout Tower
19:00 Town Hall
19:52 Guard Tower
21:36 Town Hall
21:38 Guard Tower
23:19 Town Hall
25:49 Town Hall
25:52 Keep
25:56 Scout Tower
27:29 Cannon Tower
29:19 Scout Tower
29:45 Scout Tower
29:48 Cannon Tower
29:52 Scout Tower
30:39 Town Hall
» items
| Scroll of Regeneration | 1 | |
| Healing Salve | 2 | |
| Scroll of Town Portal | 1 | |
4 total
HARRY-FISH (
purple | 53 APM | 2451 actions | 46:32)
8 Blademaster
3 Wind Walk
3 Critical Strike
1 Bladestorm
1 Mirror Image
» actions
| Assign group hotkey | 36 | |
| Basic commands | 171 | |
| Build / train | 68 | |
| Enter build submenu | 20 | |
| Enter hero's abilities submenu | 8 | |
| Give item / drop item | 1 | |
| Right click | 963 | |
| Select / deselect | 302 | |
| Select group hotkey | 628 | |
| Use ability | 254 | |
2451 total
» units
| Peon | 10 | |
| Wind Rider | 9 | |
| Troll Batrider | 12 | |
31 total
» upgrades
| Ranged Weapons | 2 | |
| Reinforced Defenses | 1 | |
| Liquid Fire | 1 | |
| Ensnare | 1 | |
5 total
» buildings
| Altar of Storms | 1 | |
| Orc Burrow | 4 | |
| War Mill | 1 | |
| Voodoo Lounge | 1 | |
| Watch Tower | 20 | |
| Stronghold | 3 | |
| Beastiary | 2 | |
| Fortress | 1 | |
| Great Hall | 1 | |
34 total
» build order
00:07 Altar of Storms
00:18 Orc Burrow
00:40 War Mill
01:04 Voodoo Lounge
01:55 Watch Tower
02:16 Watch Tower
02:33 Watch Tower
03:21 Stronghold
03:21 Stronghold
03:21 Stronghold
03:32 Orc Burrow
03:57 Orc Burrow
04:44 Watch Tower
04:48 Watch Tower
05:45 Beastiary
05:50 Beastiary
05:57 Fortress
06:14 Orc Burrow
10:17 Watch Tower
12:29 Watch Tower
12:30 Watch Tower
12:30 Watch Tower
14:29 Watch Tower
14:29 Watch Tower
14:29 Watch Tower
14:30 Watch Tower
21:22 Watch Tower
21:22 Watch Tower
22:39 Great Hall
22:41 Watch Tower
22:41 Watch Tower
22:42 Watch Tower
22:42 Watch Tower
22:43 Watch Tower
» items
| Healing Salve | 3 | |
| Lesser Clarity Potion | 5 | |
| Staff of Teleportation | 1 | |
| Potion of Healing | 1 | |
| Potion of Mana | 1 | |
| Orb of Lightning | 1 | |
| Scroll of Town Portal | 2 | |
| Tiny Great Hall | 1 | |
| Boots of Speed | 1 | |
16 total
silver (
red | 11 APM | 506 actions | 46:32)
4 Death Knight
2 Unholy Aura
2 Death Coil
» actions
| Basic commands | 7 | |
| Build / train | 44 | |
| Enter build submenu | 21 | |
| Enter hero's abilities submenu | 4 | |
| Give item / drop item | 1 | |
| Right click | 184 | |
| Select / deselect | 212 | |
| Use ability | 33 | |
506 total
» units
| Acolyte | 2 | |
| Ghoul | 3 | |
| Gargoyle | 6 | |
| Frost Wyrm | 8 | |
19 total
» upgrades
| Creature Attack | 3 | |
| Creature Carapace | 2 | |
| Freezing Breath | 1 | |
6 total
» buildings
| Crypt | 1 | |
| Ziggurat | 9 | |
| Graveyard | 1 | |
| Nerubian Tower | 1 | |
| Altar of Darkness | 2 | |
| Spirit Tower | 8 | |
| Halls of the Dead | 1 | |
| Black Citadel | 1 | |
| Sacrificial Pit | 1 | |
| Boneyard | 2 | |
27 total
» build order
00:15 Crypt
00:25 Ziggurat
00:41 Ziggurat
01:28 Graveyard
01:34 Nerubian Tower
01:42 Altar of Darkness
01:48 Altar of Darkness
02:02 Ziggurat
02:51 Spirit Tower
02:55 Spirit Tower
03:09 Ziggurat
03:47 Ziggurat
04:04 Spirit Tower
04:14 Ziggurat
04:43 Spirit Tower
04:49 Ziggurat
05:10 Spirit Tower
06:10 Spirit Tower
06:22 Halls of the Dead
07:06 Ziggurat
07:23 Ziggurat
08:17 Spirit Tower
08:19 Spirit Tower
09:10 Black Citadel
09:17 Sacrificial Pit
11:36 Boneyard
12:17 Boneyard
» items
| Orb of Lightning | 1 | |
| Scroll of Town Portal | 1 | |
| Scroll of Speed | 1 | |
3 total
MexicanPower (
pink | 15 APM | 634 actions | 42:35)
3 Blademaster
1 Wind Walk
1 Critical Strike
1 Mirror Image
» actions
| Build / train | 26 | |
| Enter build submenu | 22 | |
| Enter hero's abilities submenu | 3 | |
| Right click | 423 | |
| Select / deselect | 106 | |
| Use ability | 54 | |
634 total
» units
» buildings
| Altar of Storms | 2 | |
| Orc Burrow | 8 | |
| Voodoo Lounge | 1 | |
| War Mill | 1 | |
| Stronghold | 1 | |
| Watch Tower | 5 | |
| Beastiary | 2 | |
20 total
» build order
00:14 Altar of Storms
00:22 Orc Burrow
01:18 Voodoo Lounge
01:24 Orc Burrow
02:10 War Mill
02:45 Orc Burrow
03:50 Stronghold
05:32 Watch Tower
06:22 Watch Tower
06:39 Beastiary
06:45 Beastiary
08:37 Orc Burrow
08:40 Orc Burrow
10:17 Watch Tower
10:20 Watch Tower
10:24 Watch Tower
10:34 Orc Burrow
12:01 Altar of Storms
12:09 Orc Burrow
13:14 Orc Burrow
» items
| Healing Salve | 2 | |
| Lesser Clarity Potion | 3 | |
| Boots of Speed | 1 | |
| Staff of Teleportation | 1 | |
| Orb of Lightning | 1 | |
8 total
Chat log
(00:53 / Allies) LeeroyJenkins: my goal is to build 1,000,000 towers this game
(01:03 / Allies) LeeroyJenkins: and heal the shit out of everyone
(01:37 / Allies) HARRY-FISH: put some towers at my side of map then friend
(01:39 / Allies) MexicanPower: towers dont win game
(01:41 / Allies) HARRY-FISH: to protec tme
(01:43 / Allies) LeeroyJenkins: i will
(01:48 / Allies) MexicanPower: unless you tower rush
(01:50 / Allies) HARRY-FISH: like right there
(02:25 / Allies) HARRY-FISH: plz not too close, only one tower by my hall
(02:47 / Allies) LeeroyJenkins: build on the other side of my towers to protect them
(03:25 / Allies) LeeroyJenkins: same with you red
(04:19 / Allies) LeeroyJenkins: supporting you with heals pink
(04:21 / Allies) HARRY-FISH: oj tower choke pints enough towers at my base
(04:33 / Allies) LeeroyJenkins: i will
(05:30 / Allies) LeeroyJenkins: wait pink
(05:32 / Allies) LeeroyJenkins: i heal u
(06:44 / Allies) HARRY-FISH: tp someone
(08:23 / All) ._.~: mexican flower
(08:24 / All) ._.~: homo
(08:37 / All) ._.~: good job killing 1 (ONE) peon
(09:17 / Allies) LeeroyJenkins: i build towers. Why did everyone else also?
(10:37 / Allies) LeeroyJenkins: they're coming to pink again
(10:38 / Allies) LeeroyJenkins: all come now
(11:06 / Allies) MexicanPower: tp pls
(11:12 / Allies) MexicanPower: dont let me die
(12:33 / Allies) MexicanPower: purple why dint you tp
(12:38 / Allies) HARRY-FISH: didnt see
(13:06 / Allies) MexicanPower: gold pls
(14:31 / Allies) MexicanPower: tower up oj
(14:52 / Allies) LeeroyJenkins: they have morts and cloud i think
(15:13 / Allies) MexicanPower: gold pls for hero
(15:15 / Allies) LeeroyJenkins: gonna do anything with your bm purple?
(15:20 / Allies) HARRY-FISH: red tp to my base
(15:21 / Allies) MexicanPower: ill go see
(15:22 / Allies) HARRY-FISH: gonna bat a base
(15:28 / Allies) LeeroyJenkins: you don't have farms...
(16:44 / Allies) LeeroyJenkins: workers
(16:47 / All) blazinglory: lmao!!!!
(16:52 / Allies) LeeroyJenkins: tanks coming
(17:21 / Allies) HARRY-FISH: FOCUS HALL
(17:47 / Allies) MexicanPower: holy fuck
(17:56 / Allies) MexicanPower: gold me fast for hero
(18:14 / Allies) MexicanPower: gold fast
(18:19 / All) HARRY-FISH: reds not listening of course
(18:25 / Allies) HARRY-FISH: oj send tanks
(18:42 / Allies) MexicanPower: kill there expos
(19:17 / Allies) MexicanPower: every one give me little gold
(19:18 / All) HARRY-FISH: i hate red so much
(19:21 / All) HARRY-FISH: doesnt talk one bit
(19:24 / All) HARRY-FISH: isnt aware of anythign
(19:32 / Allies) LeeroyJenkins: no income
(19:38 / Allies) MexicanPower: red do something
(19:47 / Allies) MexicanPower: haras there expo
(20:03 / Allies) MexicanPower: we have to put presure
(20:19 / Allies) MexicanPower: tp fast
(20:22 / Allies) MexicanPower: fix main
(20:40 / Allies) MexicanPower: go in
(20:44 / Allies) MexicanPower: kil morta
(21:08 / Allies) MexicanPower: go in
(21:15 / Allies) LeeroyJenkins: yellow main
(21:22 / Allies) MexicanPower: tp and help red
(21:28 / Allies) MexicanPower: stay in
(21:54 / Allies) MexicanPower: kill morta not hero
(22:17 / Allies) HARRY-FISH: no no dont hit blue
(22:18 / Allies) MexicanPower: gold me fast any one
(22:21 / Allies) MexicanPower: for hero
(22:24 / Allies) HARRY-FISH: blue is just a troll
(22:44 / Allies) MexicanPower: you let red die
(22:47 / Allies) MexicanPower: why?
(23:17 / Allies) MexicanPower: gold me oj
(23:18 / Allies) MexicanPower: fast
(23:23 / Allies) LeeroyJenkins: why?
(23:33 / Allies) MexicanPower: for BM
(23:43 / Allies) MexicanPower: ty
(24:42 / All) blazinglory: blue has 8k gold thats why its a game yet
(24:46 / Allies) MexicanPower: only if we had red
(25:53 / All) blazinglory: i think blue just realized he sucked
(26:12 / Allies) LeeroyJenkins: is blue feeding them?
(26:18 / Allies) LeeroyJenkins: if he is, we're screwed
(26:52 / Allies) LeeroyJenkins: i keep your bm healthy
(26:53 / Allies) LeeroyJenkins: go
(27:07 / Allies) LeeroyJenkins: USE YOUR BM
(27:51 / Allies) LeeroyJenkins: SO.......purple is just parked and doing nothing
(28:16 / All) zerzeros: this ur gay blue
(28:30 / Allies) LeeroyJenkins: stay pink
(29:56 / All) ._.~: did red throw a hissy fit
(30:10 / All) HARRY-FISH: red never payed attention to anything buthimself
(30:36 / Allies) MexicanPower: oj come
(30:55 / Allies) LeeroyJenkins: Lvl 2 bm....
(31:06 / Allies) LeeroyJenkins: and purple is tking...
(31:24 / All) HARRY-FISH: most retarded team ever
(31:31 / Allies) MexicanPower: heal me oj
(31:39 / All) blazinglory: lol blue want to solo win it lol
(31:41 / All) ._.~: LEEEEEROY
(31:42 / All) ._.~: JENKINS
(31:44 / Allies) LeeroyJenkins: i told you i was building towers for you......then you built a fuck load of towers
(31:47 / Allies) LeeroyJenkins: instead of an army
(31:53 / Allies) LeeroyJenkins: then you parked in your base for an hour...
(32:05 / All) HARRY-FISH: GEEEE OJ...........MAYBE I'D , I DONT KNOW THOUGHT U WOULD TK???
(32:06 / Allies) LeeroyJenkins: teal is now trolling though...
(32:06 / All) HARRY-FISH: IDIOT
(32:22 / Allies) LeeroyJenkins: I'm fucking human
(32:30 / Allies) LeeroyJenkins: if I wanted to tk I'd call to arms and tp dumbass
(32:46 / All) HARRY-FISH: right because people cant tk 30 min in, just LIKE BLUE IS DOING RIGH TNOW
(33:04 / Allies) LeeroyJenkins: so why the fuck did you kill my expo 5 minutes ago?
(33:13 / Allies) LeeroyJenkins: I haven't tk'd and I had no towers in your base
(33:20 / All) HARRY-FISH: taking u out of the game that's why
(33:22 / All) HARRY-FISH: time for u to leave
(33:25 / Allies) LeeroyJenkins: do you have a fucking explanation for that?
(33:45 / All) HARRY-FISH: literally the most retarded team ever
(33:53 / All) blazinglory: blue has 13k so good luck winning
(34:28 / All) ._.~: mexicant flower (homo)
(34:29 / All) LeeroyJenkins: so purple tks while calling us the retarded ones....
(34:47 / All) ._.~: but you are retarded and him tking is irrelevant
(35:02 / All) LeeroyJenkins: I've been healing him all game long
(35:10 / All) LeeroyJenkins: and defending his base
(35:16 / All) LeeroyJenkins: what does he do.....tks me.
(35:27 / Allies) MexicanPower: he tk me also
(35:40 / All) LeeroyJenkins: yep....he tk'd pink too
(35:41 / All) ._.~: write about it in your livejournal
(35:45 / All) ._.~: cuz no one here cares, toots
(35:48 / All) HARRY-FISH: carecup empty
(36:10 / All) HARRY-FISH: shall we make this a standoff
(36:15 / All) ._.~: aye
(36:28 / All) MexicanPower: purple is killed his team mate
(36:30 / All) ._.~: orange pro, didn'teven creep his greens just like red
(36:39 / All) MexicanPower: now he is killing him self lol
(36:41 / All) ._.~: shut your mouth you mexicant flower (homo)
(37:06 / All) MexicanPower: your are a big looser
(37:08 / All) LeeroyJenkins: ......and now he's suiciding
(37:22 / All) LeeroyJenkins: I hate 5v3 games...
(37:22 / All) ._.~: I raped your ass good and hard, twink
(37:24 / All) HARRY-FISH: no im just killing my burrows and units, then gonna leave
(37:30 / All) MexicanPower: so you kill yourself
(37:51 / All) MexicanPower: you are a big fat pussy purple
(38:07 / All) MexicanPower: your got rape
(38:26 / All) blazinglory: gg
(39:29 / All) MexicanPower: purple is a big fat loosser
(39:33 / All) HARRY-FISH: standoff done my side
(39:33 / All) MexicanPower: he is gay
(39:52 / All) MexicanPower: he likes hairy cock
(40:05 / All) MexicanPower: he try to suck my fat cock
(40:15 / All) MexicanPower: he likes fish
(40:29 / All) MexicanPower: to be slap on his ass
(40:37 / All) MexicanPower: with a fish
(40:48 / All) ._.~: shiiieeet
(41:07 / All) ._.~: I have am
(41:18 / All) HARRY-FISH: have 4 oj buildings and killing my towers now
(42:26 / All) ._.~: better my team left than urs
(42:29 / All) ._.~: easier to kill
(43:06 / All) HARRY-FISH: red never said a word, pink was mad nobody helped him, not even red, and oj had nothing but towers at me and reds base
(43:14 / All) ._.~: lawl
(43:28 / All) ._.~: red 2-6 lol
(43:47 / All) HARRY-FISH: red tried to hide his ghouls from me then ran them away when i went to kill them
(44:01 / All) HARRY-FISH: 2 tower left
(44:25 / All) ._.~: oh I got a peon lawl
(45:14 / All) ._.~: level 3 brilliance aura is like a mobile mana fountain